 Dungeon Crawl Stone Soup version 0.27-b1-41-gafb5482f4b (webtiles) character file.

Game seed: 14124516702124278160

4 hawla the Sneak (level 1, -5/13 HPs)
             Began as a Deep Elf Delver on July 28, 2021.
             Slain by a gnoll (6 damage)
             ... on level 2 of the Dungeon.
             The game lasted 00:01:32 (225 turns).

hawla the Sneak (Deep Elf Delver)                    Turns: 225, Time: 00:01:33

Health: -5/13      AC:  3    Str:  9    XL:     1   Next: 58%
Magic:  3/3        EV:  9    Int: 14    God:
Gold:   20         SH:  0    Dex: 16    Spells: 1/1 levels left

rFire    . . .     SeeInvis .   a - +0 short sword
rCold    . . .     Faith    .   (no shield)
rNeg     . . .     Spirit   .   b - +0 leather armour
rPois    .         Reflect  .   (no helmet)
rElec    .         Harm     .   (no cloak)
rCorr    .         Rampage  .   (no gloves)
Will     .....                  (no boots)
Stlth    +++.......             (no amulet)
HPRegen  0.04/turn              (no ring)
MPRegen  0.08/turn              (no ring)

@: on berserk cooldown, slowed, constricted, very slow
A: no striking features
a: no special abilities


You were on level 2 of the Dungeon.
You visited 1 branch of the dungeon, and saw 4 of its levels.

You collected 20 gold pieces.

Inventory:

Hand Weapons
 a - a +0 short sword (weapon)
Armour
 b - a +0 leather armour (worn)
Wands
 g - a wand of digging (3)
Scrolls
 c - a scroll of fog
 d - a scroll of magic mapping
 e - a scroll of fear
 i - a scroll of identify {unknown}
Potions
 f - a potion of haste


   Skills:
 + Level 2.4 Fighting
 + Level 2.1 Short Blades
 + Level 2.6 Dodging
 - Level 6.0 Stealth
 + Level 0.6 Spellcasting


You had one spell level left.
You didn't know any spells.
Your spell library was empty.

Dungeon Overview and Level Annotations

Branches:
Dungeon (5/15)
 Temple: D:4-7

Altars:
Dithmenos
Elyvilon
Fedhas
Hepliaklqana


Message History

The endoplasm freezes you.
You are frozen.
The ball python closely misses you. The ball python grabs you.
* * * LOW HITPOINT WARNING * * *
The ball python constricts you.
It was a potion of berserk rage.
A red film seems to cover your vision as you go berserk!
You feel yourself moving faster!
You feel mighty!
The ball python hisses angrily.
The gnoll shouts!
The endoplasm hits you but does no damage.
The ball python barely misses you.
* * * LOW HITPOINT WARNING * * *
The ball python constricts you.
You closely miss the ball python.
The endoplasm hits you but does no damage.
The ball python misses you. The ball python constricts you.
The ball python's grasp on you weakens, but your attempt to escape fails.
The endoplasm hits you but does no damage.
You escape the ball python's grasp.
You feel a strong urge to attack something.
The ball python bites you but does no damage.
The ball python grabs you.
* * * LOW HITPOINT WARNING * * *
The ball python constricts you.
You escape the ball python's grasp.
You feel your anger nearly subside.
A worm comes into view.
The ball python barely misses you. The ball python closely misses you.
There is a stone staircase leading up here.
You are no longer berserk.
You are exhausted.
You feel yourself slow down. The ball python closely misses you.
The ball python grabs you.
You stop ascending the stairs.
* * * LOW HITPOINT WARNING * * *
The ball python constricts you.
Unknown command.
You escape the ball python's grasp.
The ball python closely misses you. The ball python grabs you.
You stop ascending the stairs.
The ball python constricts you. The gnoll hits you with a +0 whip.
You die...

............#.# #.#
........#...#.# .$.
.w......#...#.#....
#.....#.....#.#...#
..................#
#.............# ..##.
#.......S.....#......
.......@Sgg..>......[
........gJ......#####
#..#..........#.#
#.........g.....#
##..##..#......#
#..#...#..#.#... #.
#........#..#. ..
.......###..# ......
..


You could see a worm, 4 gnolls, an endoplasm and 2 ball pythons.

Vanquished Creatures
  A worm (D:4)
  A ball python (D:3)
  A goblin (D:3)
3 creatures vanquished.

Notes
Turn   | Place    | Note
-------+----------+-------------------------------------------
     0 | D:5      | hawla the Deep Elf Delver began the quest for the Orb.
     0 | D:5      | Reached XP level 1. HP: 13/13 MP: 3/3
    29 | D:4      | Found a white marble altar of Elyvilon.
    39 | D:4      | Found a hazy altar of Hepliaklqana.
    39 | D:4      | Found a blossoming altar of Fedhas.
    42 | D:4      | Found a shadowy altar of Dithmenos.
   225 | D:2      | Slain by a gnoll

Illustrated notes

Levels and vault maps discovered:
D:2:      layout_basic
D:3:      layout_rooms, serial_park_tiny_pond
D:4:      layout_loops_corners, mainiacjoe_overflow_paths, kennysheep_mini,
          minitemple
D:5:      layout_rooms, chequers_temple_overflow_statue_of_worship,
          lemuel_round_altar, minmay_temple_entry_offerings,
          minmay_ogre_servants, uniq_grinder

Action                   || total
-------------------------++-------
Melee: Short sword       ||    10
  Use: Potion            ||     1
 Stab: Sleeping          ||     1
Armor: Leather armour    ||     6
Dodge: Dodged            ||    13
